 Dungeon Crawl Stone Soup version 0.19-a0-1792-g28b16ba (webtiles) character file.

5634 epen the Carver (level 10, -1/53 HPs)
             Began as a Vine Stalker Monk on Oct 4, 2016.
             Was a Follower of Ru.
             Slain by a troll (11 damage)
             ... on level 9 of the Dungeon.
             The game lasted 00:19:23 (8170 turns).

epen the Carver (Vine Stalker Monk)                 Turns: 8170, Time: 00:19:24

Health: -1/53      AC: 13    Str: 17    XL:     10   Next: 74%
Magic:  0/11       EV: 13    Int: 10    God:    Ru [*.....]
Gold:   519        SH:  9    Dex: 17    Spells: 0 memorised, 9 levels left

rFire  . . .     SeeInvis .     v - +1 long sword (slice)
rCold  + . .     Gourm    .     I - +0 scale mail
rNeg   . . .     Faith    +     l - +0 buckler
rPois  .         Spirit   +     u - +0 helmet
rElec  .         Dismiss  .     e - +1 cloak
rCorr  .         Reflect  .     E - +0 pair of gloves
MR     +....     Harm     .     (no boots)
Stlth  +.........               s - amulet of faith
                                (no ring)
                                (no ring)

@: no status effects
A: fangs 3, large bone plates 1, cold resistance 1, regeneration 1, magic
shield, antimagic bite, no device heal 3, rot immunity, hated by all, no air
magic, no summoning magic, no transmutations magic
a: Renounce Religion


You were on level 9 of the Dungeon.
You worshipped Ru.
Ru was aware of your devotion.
You were not hungry.

You visited 2 branches of the dungeon, and saw 10 of its levels.
You also visited: Ossuary.

You collected 519 gold pieces.

Inventory:

Hand Weapons
 a - a +0 falchion
 v - a +1 long sword of slicing (weapon)
Missiles
 L - a throwing net (quivered)
Armour
 e - a +1 cloak (worn)
 i - a +0 ring mail
 l - a +0 buckler (worn)
 u - a +0 helmet (worn)
 E - a +0 pair of gloves (worn)
 I - a +0 scale mail (worn)
Jewellery
 h - a +2 amulet of reflection {unknown}
 s - an amulet of faith (around neck)
 t - an uncursed amulet of regeneration {unknown}
 M - an uncursed ring of stealth {unknown}
Wands
 k - a wand of confusion (40/48)
 y - a wand of polymorph (2/24)
Scrolls
 f - 2 scrolls of fog
 g - a scroll of vulnerability {unknown}
 j - 3 scrolls of remove curse
 o - 8 scrolls of teleportation
 q - a scroll of recharging
 A - a scroll of enchant weapon
 G - a scroll of identify
 H - a scroll of noise {unknown}
 N - a scroll of amnesia
Potions
 b - a potion of mutation {unknown}
 d - a potion of heal wounds
 n - a potion of flight
 p - 2 potions of might
 r - a potion of magic
 w - 3 potions of curing
 x - 2 potions of haste
 z - 2 potions of cure mutation
 C - 2 potions of resistance
 D - 2 potions of brilliance
 K - a potion of lignification {unknown}
Comestibles
 c - 9 bread rations
 m - 3 meat rations
 B - a beef jerky
 F - 2 fruits
 J - 4 chunks of flesh


   Skills:
 + Level 6.1 Fighting
 * Level 8.9 Long Blades
 * Level 7.4 Armour
 + Level 5.8 Dodging
 - Level 2.4 Stealth
 + Level 2.1 Shields


You had 9 spell levels left.
You didn't know any spells.

Dungeon Overview and Level Annotations

Branches:
Dungeon (9/15)             Temple (1/1) D:4            Lair (0/6) D:8
    Orc: D:9-12

Altars:
Ashenzari
Elyvilon
Fedhas
Gozag
Hepliaklqana
Makhleb
Okawaru
Ru
Trog
Vehumet
Xom
The Shining One

Shops:
D:6 =

Annotations:
D:8 exclusion: statue


Innate Abilities, Weirdness & Mutations

You have razor-sharp teeth.
Your natural rate of healing is unusually fast.
When hurt, damage is shared between your health and your magic reserves.
Your bite disrupts and absorbs the magic of your enemies.
Potions and wands cannot restore your health.
You are immune to rotting.
You are hated by all.
You cannot study or cast Air magic.
You cannot study or cast Summoning magic.
You cannot study or cast Transmutations magic.
You are partially covered in large bone plates. (SH +4)
Your flesh is cold resistant. (rC+)


Message History

You block the troll's attack. The troll claws you.
The phantom blinks!
You slash the troll! Your bite misses the troll.
The troll is severely wounded.
The troll misses you. The troll barely misses you. x2
You slash the troll!
The troll is almost dead.
The troll bites you! The troll claws you! You block the troll's attack.
The phantom hits you but does no damage.
You hit the troll.
The troll is almost dead.
The troll bites you. You block the troll's attack. The troll claws you!
* * * LOW HITPOINT WARNING * * *
The phantom hits you.
* * * LOW HITPOINT WARNING * * *
Unknown command.
You are too injured to fight recklessly!
You hit the troll. You bite the troll, but do no damage.
The troll is almost dead.
The troll bites you!
You die...

....†...##..)).#
####...#####.###
#.#.# #.# #.#.#
#.# ####.#.#####.#
....[........#####
######...........#
###########W# #@#
#T# #Y####.###
#O........
#..###.###
#.......#
.........#.....
######.#.# ###
....#


You could see a troll, a phantom, an ice beast and an ogre.

Vanquished Creatures
  Pikel (D:8)
  The ghost of ThereIsNoGod the Cleaver, a novice MiGl (D:4)
  A komodo dragon (D:8)
  A merfolk (D:9)
  Grinder (D:3)
  3 hippogriffs
  Sigmund (D:4)
  Edmund (D:6)
  3 ice beasts
  2 sky beasts
  4 slaves (D:8)
  2 black bears
  2 centaurs
  3 ogres
  2 bullfrogs
  A water moccasin zombie (D:8)
  10 scorpions
  A howler monkey (D:9)
  A bullfrog zombie (D:6)
  2 crimson imps
  9 centaur zombies
  A jelly (D:8)
  Crazy Yiuf (D:3)
  2 bullfrog skeletons
  3 human zombies (Ossuary)
  3 orc priests
  3 hounds
  6 iguanas
  2 centaur skeletons
  6 orc wizards
  4 worker ants
  A big kobold zombie (Ossuary)
  A hound skeleton (D:4)
  3 mummies (Ossuary)
  Robin (D:2)
  2 howler monkey skeletons
  2 scorpion zombies (Ossuary)
  9 adders
  A shadow imp (D:9)
  5 oozes
  3 worms (D:2)
  3 dart slugs
  6 leopard geckos
  23 orcs
  11 bats
  5 giant cockroaches
  A gnoll zombie (Ossuary)
  8 hobgoblins
  2 jackals (D:1)
  4 kobolds
  4 quokkas
  17 goblins
  3 goblin zombies (Ossuary)
  4 hobgoblin zombies (Ossuary)
  A jackal zombie (D:9)
  A kobold zombie (Ossuary)
  A leopard gecko skeleton (D:6)
  A leopard gecko zombie (D:6)
  A quokka skeleton (D:4)
  4 rats
211 creatures vanquished.

Vanquished Creatures (others)
  A steam dragon (D:9)
  A bullfrog (D:9)
  A gnoll sergeant (D:9)
  A howler monkey (D:9)
  A human zombie (Ossuary)
  An iguana (D:9)
  A leopard gecko (D:9)
  An orc (D:9)
  A quokka (D:9)
  A hobgoblin zombie (Ossuary)
  11 plants (D:8)
21 creatures vanquished.

Grand Total: 232 creatures vanquished

Notes
Turn   | Place    | Note
-------+----------+-------------------------------------------
     0 | D:1      | epen the Vine Stalker Monk began the quest for the Orb.
     0 | D:1      | Reached XP level 1. HP: 11/11 MP: 2/2
   286 | D:1      | Reached XP level 2. HP: 15/16 MP: 3/3
   325 | D:1      | Reached skill level 3 in Long Blades
   680 | D:1      | Reached XP level 3. HP: 15/19 MP: 4/4
   785 | D:2      | Reached skill level 1 in Armour
  1139 | D:3      | Noticed Grinder
  1147 | D:2      | Gained mutation: Your natural rate of healing is unusually fast. [Vine Stalker growth]
  1147 | D:2      | Reached XP level 4. HP: 21/24 MP: 3/5
  1518 | D:3      | Gained mutation: Your flesh is cold resistant. (rC+) [potion of beneficial mutation]
  1529 | D:3      | Killed Grinder
  1529 | D:3      | Reached skill level 4 in Long Blades
  1529 | D:3      | Reached XP level 5. HP: 3/28 MP: 3/6
  1529 | D:3      | Reached XP level 6. HP: 4/32 MP: 3/7
  1861 | D:3      | Noticed Robin
  1873 | D:2      | Killed Robin
  2236 | D:3      | Found a runed door.
  2400 | D:3      | Noticed Crazy Yiuf
  2406 | D:3      | Killed Crazy Yiuf
  2454 | D:4      | Noticed an ice beast
  2487 | D:4      | Reached XP level 7. HP: 17/36 MP: 5/8
  2548 | D:4      | Found a staircase to the Ecumenical Temple.
  2559 | Temple   | Entered the Ecumenical Temple
  2627 | Temple   | Became a worshipper of Ru the Awakened
  2648 | Temple   | Gained mutation: You cannot study or cast Air magic. [Ru sacrifice]
  2648 | Temple   | Gained mutation: You cannot study or cast Transmutations magic. [Ru sacrifice]
  2648 | Temple   | Gained mutation: You cannot study or cast Summoning magic. [Ru sacrifice]
  2648 | Temple   | Reached * piety under Ru
  2810 | D:4      | Noticed ThereIsNoGod's ghost (novice MiGl)
  2863 | D:4      | Reached skill level 5 in Long Blades
  2990 | D:4      | Noticed Sigmund
  3058 | D:4      | Killed ThereIsNoGod's ghost
  3058 | D:4      | Gained mutation: You have razor-sharp teeth. [Vine Stalker growth]
  3058 | D:4      | Reached XP level 8. HP: 39/42 MP: 4/9
  3144 | D:4      | Killed Sigmund
  3144 | D:4      | Reached skill level 6 in Long Blades
  3523 | D:5      | Entered Level 5 of the Dungeon
  3553 | D:5      | Found a sand-covered staircase.
  3558 | Ossuary  | Entered an ossuary
  3597 | Ossuary  | Reached skill level 5 in Armour
  3650 | Ossuary  | Reached XP level 9. HP: 42/46 MP: 10/10
  3876 | Ossuary  | Reached skill level 5 in Fighting
  4055 | Ossuary  | Reached skill level 7 in Long Blades
  4265 | D:5      | hi
  4265 | D:5      | i am pepen
  4334 | D:5      | Found a shimmering altar of Xom.
  4422 | D:5      | engelesh pls
  5024 | D:6      | Gained mutation: You are hated by all. [Ru sacrifice]
  5097 | D:6      | Found Itwugaoc's Jewellery Boutique.
  5530 | D:7      | Found a hazy altar of Hepliaklqana.
  5727 | D:7      | Found a bloodstained altar of Trog.
  5729 | D:7      | Found a shimmering altar of Xom.
  5730 | D:7      | Found an iron altar of Okawaru.
  5733 | D:7      | Found a glowing golden altar of the Shining One.
  5854 | D:7      | Reached skill level 5 in Dodging
  5898 | D:6      | Noticed Edmund
  5914 | D:6      | Killed Edmund
  6481 | D:7      | Found a burning altar of Makhleb.
  6634 | D:8      | Found a staircase to the Lair.
  6635 | D:8      | Noticed a komodo dragon
  6668 | D:8      | Reached skill level 8 in Long Blades
  6668 | D:8      | Reached XP level 10. HP: 35/51 MP: 6/11
  6749 | D:7      | OBMANUL
  6916 | D:8      | Found a radiant altar of Vehumet.
  7028 | D:8      | Reached skill level 1 in Shields
  7171 | D:8      | Gained mutation: You are partially covered in large bone plates. (SH +4) [mutagenic meat]
  7186 | D:8      | lan
  7186 | D:8      | ne budem
  7286 | D:8      | Noticed Pikel
  7301 | D:8      | Killed Pikel
  7306 | D:8      | ah
  7306 | D:8      | NO LOVE
  7306 | D:8      | ZABIL
  7306 | D:8      | D: D: D:
  7778 | D:9      | MURDERE
  7778 | D:9      | D: D: D:
  7778 | D:9      | UBILA EEL
  7904 | D:9      | lmao
  8051 | D:9      | Found a shimmering altar of Xom.
  8122 | D:9      | kto
  8170 | D:9      | Slain by a troll

Vault maps used:
D:1:      evilmike_arrival_rings
D:2:      st_stairs_9
D:3:      uniq_crazy_yiuf_cottage, uniq_robin, uniq_grinder
D:4:      first_bread, uniq_sigmund
D:5:      basic_altar, enter_ossuary_5, grunt_ministairs_2
D:6:      serial_shops, nicolae_shop_window_shopping, uniq_edmund
D:7:      kennysheep_mini, minitemple, basic_altar
D:8:      vehumet_statue, david_lair_shrubbed, uniq_pikel
D:9:      david_orc_4, hangedman_fish_farm, xom_confusion_cloud
Temple:   regret_index_temple_generic_petals
Ossuary:  ossuary_minmay_scorpions

Skill      XL: |  1  2  3  4  5  6  7  8  9 10 |
---------------+-------------------------------+-----
Long Blades    | 3 4 5 6 8 |  8.9
Armour         | 1 2 4 5 6 7 |  7.4
Fighting       | 3 4 5 6 |  6.1
Dodging        | 3 4 5 |  5.8
Shields        | 2 |  2.1
Stealth        | |  2.4

Action                   |  1- 3 |  4- 6 |  7- 9 | 10-12 || total
-------------------------+-------+-------+-------+-------++-------
Melee: Falchion          |    82 |   115 |       |       ||   197
       Bite              |    25 |    56 |   140 |    88 ||   309
       Long sword        |       |    23 |   257 |   216 ||   496
       Great sword       |       |       |    87 |       ||    87
       Unarmed           |       |       |     5 |       ||     5
Invok: Sacrifice Arcana  |       |       |     1 |       ||     1
       Sacrifice Love    |       |       |     1 |       ||     1
       Reject Sacrifices |       |       |       |     1 ||     1
  Use: Potion            |       |     2 |     2 |       ||     4
       Scroll            |       |       |    20 |     2 ||    22
 Stab: Sleeping          |     3 |     1 |     7 |       ||    11
       Distracted        |       |       |     1 |       ||     1
       Confused          |       |       |     2 |       ||     2
  Eat: Chunk             |     1 |     4 |     7 |     6 ||    18
       Meat ration       |       |       |     1 |       ||     1
       Beef jerky        |       |       |     1 |       ||     1
       Fruit             |       |       |       |     2 ||     2
Armor: Robe              |     6 |       |       |       ||     6
       Ring mail         |    17 |    46 |   108 |    27 ||   198
       Scale mail        |       |       |       |    45 ||    45
Dodge: Dodged            |    62 |    77 |   201 |    87 ||   427
Block: Buckler           |       |       |       |    64 ||    64
       Rpst.: Falchion   |    20 |    28 |       |       ||    48
       Long sword        |       |     3 |    35 |    22 ||    60
       Great sword       |       |       |    26 |       ||    26
